 Dungeon Crawl Stone Soup version 0.31-a0-859-g9dce7d3444 (webtiles) character file.

Game seed: 574935097232688233

88 omnomnOMINOUS the Shield-Bearer (level 4, 0/30 HPs)
             Began as an Octopode Wanderer on Oct 9, 2023.
             Was a Follower of Wu Jian.
             Slain by an orc
             ... wielding a +0 flail
              (10 damage)
             ... on level 3 of the Dungeon.
             The game lasted 00:03:44 (2252 turns).

omnomnOMINOUS the Shield-Bearer (Octopode Wanderer) Turns: 2252, Time: 00:03:44

Health: 0/30       AC:  1    Str:  9    XL:     4   Next: 53%
Magic:  5/5        EV: 14    Int: 13    God:    Wu Jian [*.....]
Gold:   122        SH:  6    Dex: 22    Spells: 5/5 levels left

rFire   . . .        a - +2 falchion
rCold   . . .        c - +0 buckler
rNeg    . . .        (helmet restricted)
rPois   .            (no amulet)
rElec   .            p - +6 ring of dexterity
rCorr   .            (no ring)
SInv    .            (no ring)
Will    .....        (no ring)
Stlth   +++          (no ring)
HPRegen 0.25/turn    (no ring)
MPRegen 0.09/turn    (no ring)
                     (no ring)

%: no passive effects
@: no status effects
A: almost no armour, amphibious, 8 rings, camouflage 1, gelatinous body 1,
(nimble swimmer 1), tentacles
a: Renounce Religion


You were on level 3 of the Dungeon.
You worshipped Wu Jian.
Wu Jian was aware of your devotion.
You visited 1 branch of the dungeon, and saw 3 of its levels.

You collected 122 gold pieces.

Inventory:

Hand Weapons
 a - a +2 falchion (weapon)
 b - a +2 dagger of pain
Missiles
 o - 2 datura-tipped darts
Armour
 c - a +0 buckler (worn)
Magical Staves
 g - a staff of cold
Jewellery
 p - a +6 ring of dexterity (left tentacle)
Scrolls
 e - a scroll of teleportation {unknown}
 f - 3 scrolls of fear {unknown}
 h - 2 scrolls of torment {unknown}
 i - a scroll of amnesia {unknown}
 j - 2 scrolls of poison {unknown}
 n - 2 scrolls of silence {unknown}
 q - 2 scrolls of identify {unknown}
 t - 2 scrolls of blinking {unknown}
 v - 2 scrolls of revelation {unknown}
 w - a scroll of fog {unknown}
 x - 3 scrolls of vulnerability {unknown}
Potions
 d - a potion of haste
 k - a potion of degeneration {unknown}
 l - a potion of curing {unknown}
 m - 2 potions of ambrosia {unknown}
 r - a potion of lignification {unknown}
 s - a potion of brilliance {unknown}
 u - a potion of attraction {unknown}


   Skills:
 + Level 2.7 Fighting
 - Level 2.0(2.6) Short Blades
 + Level 2.6(3.0) Long Blades
 + Level 2.7 Dodging
 + Level 2.7 Shields
 + Level 1.3 Spellcasting


You had 5 spell levels left.
You didn't know any spells.
Your spell library contained the following spells:

 Spells                   Type           Power      Damage    Failure   Level
 Ensorcelled Hibernation  Hex/Ice        0%         N/A       54%         2
 Jinxbite                 Hex            0%         N/A       54%         2
 Poisonous Vapours        Pois/Air       0%         N/A       54%         2
 Mephitic Cloud           Conj/Pois/Air  0%         N/A       77%         3
 Anguish                  Hex/Necr       0%         N/A       99%         4
 Freezing Cloud           Conj/Ice/Air   0%         6-21      100%        5


Dungeon Overview and Level Annotations

Branches:
Dungeon (3/15)

Altars:
Wu Jian


Innate Abilities, Weirdness & Mutations

You cannot wear most types of armour.
You are amphibious.
You can wear up to eight rings at the same time.
Your skin changes colour to match your surroundings (Stealth+).
Your rubbery body absorbs attacks. (AC +1, EV +1)
((You are camouflaged when in or above water. (Stealth+)))
You have tentacles for arms and can constrict up to eight enemies at once.


Message History

An orc comes into view. It is wielding a +0 club.
A ball python and 2 orcs come into view.
The ball python hisses angrily.
You lunge at the orc.
The helpless orc fails to defend itself.
You slash the orc!
You kill the orc!
The Council accepts your kill.
The orc shouts! x2
You lunge at the ball python.
You hit the ball python.
You kill the ball python!
The Council accepts your kill.
You closely miss the orc. You grab the orc. You squeeze the orc.
The orc is moderately wounded.
You constrict the orc, but do no damage.
You block the orc's attack.
You hit the orc but do no damage.
The orc is moderately wounded.
You constrict the orc, but do no damage.
You block the orc's attack. The orc closely misses you.
The orc barely misses you.
You hit the orc but do no damage.
The orc is moderately wounded.
You constrict the orc, but do no damage.
The orc closely misses you. You block the orc's attack.
The orc hits you with a +0 club.
You hit the orc but do no damage.
The orc is moderately wounded.
You constrict the orc. The orc hits you with a +0 flail.
The orc barely misses you. The orc hits you with a +0 club.
The orc hits you with a +0 flail! The orc hits you with a +0 club.
You are too injured to fight recklessly!
You are too injured to fight recklessly!
You are too injured to fight recklessly!
You hit the orc.
You kill the orc!
The Council accepts your kill.
You constrict the orc. The orc closely misses you.
The orc hits you with a +0 flail!
You die...

# #. ########## .. ####.#.
#........# ##..
.....#.##........#######.....
........#..)...........#.....
........#..o@..........#.....
...........o###........#.....
............# #...........###
.....<......# ########.......
........##############.......
......).##......>............
........##...................
........##...................
........##...................


You could see 2 orcs.

Vanquished Creatures
  2 adders (D:2)
  A worm (D:2)
  A dart slug (D:1)
  6 orcs (D:3)
  7 ball pythons
  4 endoplasms
  A giant cockroach (D:2)
  3 goblins
  5 hobgoblins
  11 jackals (D:2)
  A quokka (D:2)
  5 bats
  A frilled lizard (D:1)
  4 kobolds
  4 rats
56 creatures vanquished.

Notes
Turn   | Place    | Note
-------+----------+-------------------------------------------
     0 | D:1      | omnomnOMINOUS the Octopode Wanderer began the quest for the
                  | Orb.
     0 | D:1      | omnomnOMINOUS set off with the following items: a +2
                  | falchion, a +0 short sword, a +0 buckler, a potion of
                  | haste.
     0 | D:1      | Reached XP level 1. HP: 14/14 MP: 1/1
   331 | D:1      | Reached XP level 2. HP: 19/19 MP: 2/2
  1141 | D:2      | Reached XP level 3. HP: 24/24 MP: 4/4
  1265 | D:2      | Reached skill level 1 in Spellcasting
  1575 | D:2      | Reached XP level 4. HP: 28/30 MP: 5/5
  1626 | D:2      | Found a faded altar of an unknown god.
  1662 | D:2      | Prayed at the altar of an unknown god.
  1662 | D:2      | Became a worshipper of the Wu Jian Council
  1662 | D:2      | Reached * piety under Wu Jian
  2252 | D:3      | Slain by an orc

Illustrated notes

Levels and vault maps discovered:
D:1:      dpeg_arrival_lava_temple_mockup, layout_basic,
          hangedman_decor_growths, minmay_hexomino_p4
D:2:      layout_loops_ring, basic_ecumenical_altar, kennysheep_cross_room,
          due_unseen_surprise
D:3:      layout_basic

Skill      XL: |  1  2  3 |
---------------+----------+-----
Spellcasting   | 1 |  1.3
Fighting       | |  2.7
Short Blades   | |  2.0
Long Blades    | |  2.6
Dodging        | |  2.7
Shields        | |  2.7

Action                     |  1- 3 |  4- 6 || total
---------------------------+-------+-------++-------
  Melee: Falchion          |    61 |    36 ||    97
         Tentacles         |    14 |     7 ||    21
         Constrict         |    13 |     9 ||    22
         Punch             |     2 |       ||     2
Ability: Lunge             |       |     3 ||     3
   Stab: Sleeping          |     4 |     3 ||     7
 Armour: Skin              |    23 |    23 ||    46
  Dodge: Dodged            |    34 |    25 ||    59
  Block: Buckler           |    23 |     8 ||    31

Table legend: (Time is in decaauts)
 A = Elapsed time spent in this place.
 B = Non-inter-level travel time spent in this place.
 C = Inter-level travel time spent in this place.
 D = Time resting spent in this place.
 E = Time spent auto-exploring this place.
 F = Levels seen in this place.
 G = Mean time per level.
                   A        B        C        D        E       F      G
               +--------+--------+--------+--------+--------+-----+--------+
         Total |   2273 |   2187 |     86 |    120 |   1687 |   3 |  757.7 |
       Dungeon |   2273 |   2187 |     86 |    120 |   1687 |   3 |  757.7 |
               +--------+--------+--------+--------+--------+-----+--------+

Top non-repeatable levels by time:
     D:1: 1079 daAuts
     D:2: 861 daAuts
     D:3: 333 daAuts
